 Dungeon Crawl Stone Soup version 0.20.1-1-g8b1a95d (webtiles) character file.

11 MJtheKandyman the Digger (level 2, -1/15 HPs)
             Began as a Gargoyle Earth Elementalist on Dec 27, 2017.
             Slain by Terence
             ... wielding a +0 flail
              (6 damage)
             ... on level 1 of the Dungeon.
             The game lasted 00:04:53 (667 turns).

MJtheKandyman the Digger (GrEE)                      Turns: 667, Time: 00:04:53

Health: -1/15      AC:  4    Str: 11    XL:     2   Next: 25%
Magic:  1/5        EV: 12    Int: 15    God:
Gold:   120        SH:  0    Dex: 10    Spells: 4/5 levels left

rFire    . . .     SeeInvis .   (no weapon)
rCold    . . .     Gourm    .   (no shield)
rNeg     + . .     Faith    .   c - +0 robe
rPois    ∞         Spirit   .   (no helmet)
rElec    +         Reflect  .   (no cloak)
rCorr    .         Harm     .   (no gloves)
MR       .....                  (no boots)
Stlth    ++........             (no amulet)
Regen    0.1/turn               (no ring)
MPRegen  0.1/turn               (no ring)

@: no status effects
A: negative energy resistance 1, electricity resistance, unbreathing,
petrification resistance, rot immunity, AC +2
a: no special abilities


You were on level 1 of the Dungeon.
You were not hungry.

You visited 1 branch of the dungeon, and saw 2 of its levels.

You collected 120 gold pieces.

Inventory:

Hand Weapons
 g - a +0 dagger
 j - a +0 spear
Missiles
 b - 77 stones (quivered)
Armour
 c - a +0 robe (worn)
 i - a +0 plate armour
 k - a +0 ring mail
Scrolls
 a - a scroll of fog {unknown}
 f - a scroll of random uselessness {unknown}
 h - 2 scrolls of remove curse {unknown}
 n - a scroll of identify {unknown}
Potions
 l - a potion of flight {unknown}
Books
 e - a book of Geomancy

   Spells                             Type                      Level
   a - Sandblast                      Earth                        1
   b - Passwall                       Transmutation/Earth          2
   c - Stone Arrow                    Conjuration/Earth            3
   d - Petrify                        Transmutation/Earth          4
   e - Lee's Rapid Deconstruction     Earth                        5
Comestibles
 d - a bread ration
 m - a meat ration
 p - 4 fruits


   Skills:
 - Level 1.6 Dodging
 - Level 2.2 Stealth
 - Level 2.0 Spellcasting
   Level 0.7 Transmutations
 + Level 4.3 Earth Magic


You had 4 spell levels left.
You knew the following spells:

 Your Spells              Type           Power        Failure   Level  Hunger
a - Sandblast             Erth           ##....       3%          1    #......


Dungeon Overview and Level Annotations

Branches:
Dungeon (2/15)

Altars:

Annotations:
D:1 Terence


Innate Abilities, Weirdness & Mutations

You are resistant to torment.
Your stone body is resilient. (AC +2)
You are immune to poison.
You resist negative energy. (rN+)
You are resistant to electric shocks. (rElec)
You can survive without breathing.
You are immune to petrification.
You are immune to rotting.


Message History

Terence hits you with a flail. Terence hits you with a flail.
* * * LOW HITPOINT WARNING * * *
You climb upwards.
There is a stone staircase leading down here.
Terence shouts, "Now you die!"
Terence bares his teeth.
You see here a whip.
Casting: Sandblast
Confirm with . or Enter, or press ? or * to list all spells.
Aiming: Sandblast
Press: ? - help, Shift-Dir - straight line, f - Terence
Aim: Terence, wielding a flail and wearing a scale mail (severely wounded)
The blast of sand hits Terence.
Terence is severely wounded.
b - 77 stones Terence says, "Rest in peace."
Terence shouts, "Get ready for death!"
Terence hits you with a flail.
You die...

...........># ###
##.......##.# ###.#
#.......##.# #...#
#..........# #.#.#
##......)#########.#.#
.#.......## #....#.#.#
..........# #.##.#.#.#
..........###.##@#.#.#
..............##@#.#.##
..........######.#....#
.........># #.#.#.##
..........# #.###.##
..........# #.#.#..#
..........# #.#.#.##
..........# #.#...#
..........# #.#...#
..........# #.##.##


You could see Terence.

Vanquished Creatures
  A dart slug (D:1)
  2 bats (D:1)
  A goblin (D:1)
  A hobgoblin (D:1)
  A kobold (D:1)
  3 rats (D:1)
9 creatures vanquished.

Notes
Turn   | Place    | Note
-------+----------+-------------------------------------------
     0 | D:1      | MJtheKandyman the Gargoyle Earth Elementalist began the quest for the Orb.
     0 | D:1      | Reached XP level 1. HP: 10/10 MP: 3/3
   179 | D:1      | Reached skill level 4 in Earth Magic
   376 | D:1      | Reached XP level 2. HP: 15/15 MP: 3/5
   634 | D:2      | Noticed Terence
   667 | D:1      | Slain by Terence

Skill      XL: |  1 |
---------------+----+-----
Earth Magic    | 4 |  4.3
Dodging        | |  1.6
Stealth        | |  2.2
Spellcasting   | |  2.0
Transmutations | |  0.7

Action                   || total
-------------------------++-------
Throw: Stone             ||     1
 Cast: Sandblast         ||    20
Armor: Robe              ||     1
Dodge: Dodged            ||     2
